AoeStats
← tarepo

Glade

503221621Analyzed
1v1 RM · 1mo ago on Aug 30, 2026· 34m 5s· 2 players
Game mode
Random Map
Map size
Tiny (2 player)
Population
200
Speed
Normal
Resources
Standard
Victory
Conquest
Starting age
Dark Age
Ending age
Imperial Age
RankedLock teamsTeams togetherTeam positionsShared explorationLock speedFull tech treeHidden civsTurbo modeCheats
Victory
Defeat
🇺🇸 Britons · United States
529
+12
🇨🇭 Spanish · Switzerland
441
-12
tarepo
12:02 Feudal Age
14:18 Double-Bit Axe
18:55 Castle Age
16:59 Stone Mining
17:06 Stone Mining
17:01 Horse Collar
17:56 Gold Mining
18:07 Man-at-Arms
20:07 Wheelbarrow
19:18 Loom
19:21 Town Watch
21:53 Hand Cart
25:48 Heavy Plow
26:02 Squires
27:01 Bow Saw
31:08 Stone Shaft Mining
A Fish
0:34 Loom
10:54 Feudal Age
13:30 Wheelbarrow
15:08 Double-Bit Axe
15:34 Fletching
16:08 Horse Collar
25:29 Castle Age
26:18 Crossbowman
27:21 Hand Cart
29:56 Yeomen
29:40 Bodkin Arrow
32:19 Heavy Plow
Connection lost

Rejoining the realm…

Still unreachable

The connection could not be restored.

Session expired

The server has moved on; the page needs a fresh start.